 Dungeon Crawl Stone Soup version 0.30.0-10-gfe55d96785 (webtiles) character file.

Game seed: 11707418550876953170

932 Dordric the Carver (level 8, 0/59 HPs)
             Began as a Barachi Monk on May 15, 2023.
             Was a Believer of Wu Jian.
             Slain by a scorpion (8 damage)
             ... on level 5 of the Dungeon.
             The game lasted 00:07:29 (3676 turns).

Dordric the Carver (Barachi Monk)                   Turns: 3676, Time: 00:07:31

Health: 0/59       AC: -6    Str: 11 (12) XL:     8   Next: 11%
Magic:  17/17      EV: 12    Int: 14      God:    Wu Jian [**....]
Gold:   173        SH:  0    Dex: 16      Spells: 7/7 levels left

rFire   . . .        i - +4 falchion of Chagrin {drain, MP+9 Int+2}
rCold   . . .        d - orb {light}
rNeg    . . .        g - +0 ring mail
rPois   .            (no helmet)
rElec   .            (no cloak)
rCorr   .            (no gloves)
SInv    .            (no boots)
Will    .....        (no amulet)
Stlth   +            (no ring)
HPRegen 0.29/turn    (no ring)
MPRegen 0.15/turn

%: no passive effects
@: corroded, glowing, slow
A: amphibious, slowness 1, strong legs 1, +LOS
a: Hop, Renounce Religion, Wall Jump


You were on level 5 of the Dungeon.
You worshipped Wu Jian.
Wu Jian was pleased with you.
You visited 1 branch of the dungeon, and saw 5 of its levels.

You collected 173 gold pieces.

Inventory:

Hand Weapons
 a - a +0 falchion
 i - the +4 falchion of Chagrin (weapon) {drain, MP+9 Int+2}
   (You found it on level 2 of the Dungeon)

   Int:       It affects your intelligence (+2).
   MP:        It affects your magic capacity (+9).
Missiles
 e - a throwing net
Armour
 b - a +0 robe
 c - a +0 troll leather armour {Pargi}
 d - an orb of light (worn)
 g - a +0 ring mail (worn)
Wands
 u - a wand of flame (20)
Scrolls
 j - a scroll of noise
 m - a scroll of brand weapon {unknown}
 o - a scroll of fear {unknown}
 p - a scroll of enchant weapon {unknown}
 q - a scroll of acquirement {unknown}
 r - 2 scrolls of identify
 s - a scroll of blinking {unknown}
 t - a scroll of magic mapping {unknown}
 v - a scroll of silence {unknown}
 w - a scroll of teleportation {unknown}
Potions
 f - a potion of might {unknown}
 h - a potion of lignification {unknown}
 k - 2 potions of mutation {unknown}
 l - 2 potions of attraction {unknown}
 n - a potion of curing


   Skills:
 - Level 3.6 Fighting
 + Level 10.0 Long Blades
 + Level 3.7 Armour
 + Level 4.8 Dodging


You had 7 spell levels left.
You didn't know any spells.
Your spell library contained the following spells:

 Spells                   Type           Power      Damage    Failure   Level
 Lesser Beckoning         Tloc           0%         N/A       69%         2
 Scorch                   Fire           0%         2d5       69%         2
 Gell's Gravitas          Tloc           0%         N/A       89%         3
 Inner Flame              Hex/Fire       0%         N/A       89%         3
 Portal Projectile        Hex/Tloc       0%         N/A       89%         3
 Stone Arrow              Conj/Erth      0%         3d7       89%         3
 Teleport Other           Tloc           0%         N/A       89%         3
 Tukima's Dance           Hex            0%         N/A       89%         3
 Animate Armour           Summ/Erth      0%         N/A       100%        4
 Flame Wave               Conj/Fire      0%         2d4       100%        4
 Blade Hands              Tmut           0%         N/A       100%        5
 Yara's Violent Unravell  Hex/Tmut       0%         3d3       100%        5
 Summon Cactus Giant      Summ           0%         N/A       100%        6
 Enfeeble                 Hex            0%         N/A       100%        7
 Lehudib's Crystal Spear  Conj/Erth      0%         10d2      100%        8


Dungeon Overview and Level Annotations

Branches:
Dungeon (5/15)
 Temple: D:4-7

Altars:
Ashenzari
Elyvilon
Fedhas
Kikubaaqudgha
Makhleb
Ru
Sif Muna
Wu Jian
Xom
Yredelemnul
Zin
The Shining One

Shops:
D:1 :   D:2 *   D:3 !(=


Innate Abilities, Weirdness & Mutations

You are amphibious.
You cover ground slowly.
You can hop short distances.
You have an extended range of vision and can be seen from far away.


Message History

Found Great Wizards, Vol.
II.
You repeatedly attack the ogre from above.
You hit the ogre.
The ogre is lightly wounded.
You slash the ogre!
The ogre is heavily wounded.
You completely miss the ogre.
The ogre is heavily wounded.
The ogre closely misses you.
A jelly comes into view.
The ogre misses you.
You hit the ogre.
The ogre is severely wounded.
The ogre hits you with a +0 giant club!
You slash the ogre!
You kill the ogre!
The Council accepts your kill.
You feel your dexterity returning.
Your Long Blades skill increases to level 10!
You slash the jelly! You drain the jelly. The acid corrodes you!
Your hands burn!
The jelly is severely wounded.
The jelly hits you.
You are splashed with acid.
You hit the jelly. The acid corrodes you!
Your hands burn!
The jelly is severely wounded.
The jelly hits you.
You are splashed with acid!
You hit the jelly but do no damage. The acid corrodes you!
Your hands burn!
The jelly is severely wounded.
The jelly hits you.
* * * LOW HITPOINT WARNING * * *
You are splashed with acid.
* * * LOW HITPOINT WARNING * * *
You feel better. The scorpion stings you.
* * * LOW HITPOINT WARNING * * *
The jelly hits you.
* * * LOW HITPOINT WARNING * * *
You are splashed with acid!
* * * LOW HITPOINT WARNING * * *
The scorpion stings you!
You die...

...#####.........
.............##.##
.............+...# #
.............#...# .#
.............#...# ..##
.....).......#...# .....
..###+####..##...# ....:.
..#..............#.......
..#.......#..#..@s.......
..'.......#..#...J.......
..#######.#..#..#........
.†........####..#........
..........# #..#..#.....
..........# ####..#.....
..........# ..# .#..
<......<... ### # .
###+#####..


You could see a scorpion and a jelly (very drained).

Vanquished Creatures
  Sigmund (D:3)
  Edmund (D:4)
  Pargi (D:3)
  A black bear (D:4)
  An ogre (D:5)
  A phantom (D:5)
  A hound (D:4)
  A sleepcap (D:4)
  Jessica (D:3)
  Ijyb (D:4)
  Natasha (twice) (D:2)
  Terence (D:2)
  A gnoll (D:1)
  4 adders
  An ufetubus (D:4)
  3 dart slugs
  5 bats
  6 endoplasms
  3 giant cockroaches
  6 goblins
  7 hobgoblins
  9 jackals
  2 quokkas
  6 ball pythons
  2 frilled lizards
  6 kobolds
  4 rats
78 creatures vanquished.

Notes
Turn   | Place    | Note
-------+----------+-------------------------------------------
     0 | D:1      | Dordric the Barachi Monk began the quest for the Orb.
     0 | D:1      | Reached XP level 1. HP: 18/18 MP: 1/1
    42 | D:1      | Reached skill level 4 in Long Blades
    42 | D:1      | Reached XP level 2. HP: 24/24 MP: 2/2
    59 | D:1      | Found Avexzol's Book Shoppe.
   310 | D:1      | Reached XP level 3. HP: 29/29 MP: 3/3
   329 | D:1      | Reached skill level 5 in Long Blades
   510 | D:2      | Identified the +4 falchion of Chagrin {drain, MP+9 Int+2}
   623 | D:2      | Found Xysaos's Assorted Antiques.
   674 | D:2      | Noticed Natasha
   676 | D:2      | Killed Natasha
   679 | D:2      | Reached XP level 4. HP: 36/36 MP: 4/4
   759 | D:2      | Reached skill level 6 in Long Blades
   786 | D:2      | Noticed Terence
   791 | D:2      | Killed Terence
   923 | D:2      | Noticed Natasha
   930 | D:2      | Killed Natasha
   931 | D:2      | Reached XP level 5. HP: 35/41 MP: 5/5
  1028 | D:2      | Found a faded altar of an unknown god.
  1184 | D:3      | Noticed an angel
  1186 | D:3      | Found a shimmering altar of Xom.
  1186 | D:3      | Found a glowing silver altar of Zin.
  1241 | D:3      | Noticed Sigmund
  1249 | D:3      | Killed Sigmund
  1250 | D:3      | Reached skill level 8 in Long Blades
  1250 | D:3      | Reached XP level 6. HP: 38/47 MP: 6/6
  1339 | D:3      | Found Qeushres's Jewellery Shoppe.
  1381 | D:3      | Found a basalt altar of Yredelemnul.
  1382 | D:3      | Found an ancient bone altar of Kikubaaqudgha.
  1383 | D:3      | Found an ornate altar of the Wu Jian Council.
  1383 | D:3      | Found a blossoming altar of Fedhas.
  1408 | D:3      | Found Povitoji's Weapon Shop.
  1429 | D:3      | Became a worshipper of the Wu Jian Council
  1429 | D:3      | Reached * piety under Wu Jian
  1429 | D:3      | Reached ** piety under Wu Jian
  1636 | D:3      | Noticed Pargi
  1660 | D:3      | Killed Pargi
  1661 | D:3      | Reached skill level 9 in Long Blades
  1855 | D:3      | Found Meg Hoes's Distillery.
  1862 | D:3      | Found a glowing golden altar of the Shining One.
  1863 | D:3      | Found a sacrificial altar of Ru.
  1863 | D:3      | Found a broken altar of Ashenzari.
  1864 | D:3      | Found a shimmering blue altar of Sif Muna.
  1995 | D:3      | Found Qus Hevi's Book Shop.
  2104 | D:3      | Noticed Jessica
  2106 | D:3      | Killed Jessica
  2201 | D:3      | Reached XP level 7. HP: 51/52 MP: 7/7
  2310 | D:4      | Noticed Edmund
  2696 | D:4      | Reached skill level 1 in Armour
  2836 | D:4      | Killed Edmund
  3124 | D:4      | Noticed Ijyb
  3136 | D:4      | Killed Ijyb
  3570 | D:5      | Entered Level 5 of the Dungeon
  3588 | D:5      | Found a white marble altar of Elyvilon.
  3603 | D:5      | Reached XP level 8. HP: 51/59 MP: 8/8
  3658 | D:5      | Found a burning altar of Makhleb.
  3673 | D:5      | Reached skill level 10 in Long Blades
  3676 | D:5      | Slain by a scorpion

Illustrated notes

Levels and vault maps discovered:
D:1:      ebering_trefoil_3fold, layout_rooms, serial_shops,
          nicolae_shop_tiny_statue_garden
D:2:      layout_rooms, serial_shops, nicolae_shop_dealshenge,
          basic_ecumenical_altar, chequers_serial_rivers_micro_c, uniq_terence,
          uniq_natasha
D:3:      layout_loops_corners, grunt_temple_overflow_order_and_chaos_1,
          chequers_temple_overflow_statue_of_worship,
          mainiacjoe_overflow_alcove_3, serial_shops, nicolae_shop_crystal,
          shop, nicolae_shop_real_fake_doors, nicolae_shop_industrial_runoff,
          uniq_sigmund, uniq_jessica, uniq_pargi
D:4:      layout_basic, uniq_ijyb, uniq_edmund
D:5:      layout_gridville, mainiacjoe_overflow_catwalk, bloody_makhleb,
          hangedman_abyss_or_decor_stagger, uniq_eustachio

Skill      XL: |  1  2  3  4  5  6  7  8 |
---------------+-------------------------+-----
Long Blades    | 4 5 6 8 9 10 | 10.0
Armour         | 3 |  3.7
Dodging        | 4 |  4.8
Fighting       | |  3.6

Action                     |  1- 3 |  4- 6 |  7- 9 || total
---------------------------+-------+-------+-------++-------
  Melee: Falchion          |    41 |    57 |    77 ||   175
Ability: Lunge             |       |     5 |     8 ||    13
         Wall Jump         |       |     2 |     8 ||    10
    Use: Potion            |       |     4 |     1 ||     5
         Scroll            |       |     1 |       ||     1
 Armour: Robe              |     3 |       |       ||     3
         Ring mail         |     2 |    29 |    12 ||    43
  Dodge: Dodged            |    27 |    44 |    36 ||   107
